AoeStats
← 13645570128

Migration

509880037Analyzed
1v1 RM · 4d ago on Sep 28, 2026· 44m 28s· 2 players
Game mode
Random Map
Map size
132×132
Population
200
Speed
Normal
Resources
Standard
Victory
Conquest
Starting age
Dark Age
Ending age
Imperial Age
RankedLock teamsTeams togetherTeam positionsShared explorationLock speedFull tech treeHidden civsTurbo modeCheats
Victory
Defeat
🇭🇰 Mongols · Hong Kong SAR China
601
+22
🇺🇾 Khmer · Uruguay
599
-16
URUGUAYO 90
9:11 Feudal Age
7:28 Loom
13:47 Horse Collar
24:55 Castle Age
23:34 Stone Mining
23:38 Gold Mining
24:18 Double-Bit Axe
25:50 Bow Saw
26:18 Gold Shaft Mining
25:47 Heavy Plow
26:12 Pikeman
28:08 Stone Shaft Mining
29:21 Elite Skirmisher
35:32 Imperial Age
35:30 Husbandry
35:41 Bloodlines
36:38 Conscription
38:21 Halberdier
13645570128
10:30 Feudal Age
12:18 Double-Bit Axe
13:20 Gold Mining
19:45 Horse Collar
22:09 Castle Age
23:16 Bow Saw
26:47 Gold Shaft Mining
26:05 Stone Mining
27:09 Forging
28:22 Wheelbarrow
29:15 Medium Warships
34:27 Imperial Age
32:50 Stone Shaft Mining
32:45 Ballistics
34:22 Husbandry
34:42 Fishing Lines
36:08 Bloodlines
38:54 Pikeman
41:42 Elite Steppe Lancer
43:03 Iron Casting
43:50 Hand Cart
43:38 Heavy Plow
44:36 Conscription
Connection lost

Rejoining the realm…

Still unreachable

The connection could not be restored.

Session expired

The server has moved on; the page needs a fresh start.